cohdb
Replays
Latest Replays
All Replays
Popular Replays
Top Player Replays
Match Explorer
How It Works
Community
CoH3 Stats
Reddit
Sign in to upload your games and track your stats! →
Sign in with Steam
Match 39418738
Unlisted
Match 39418738
Overview
Messages
Build Orders
End
Panzergrenadier Squad
Kradschützen Motorcycle Team
Panzerpioneer Squad
250 Light Carrier
Construct Light Support Kompanie
Selects Panzerjäger Kommand Battlegroup
Selects GrB 39 Grenade Launcher Requisition
2.5-tonne Medical Truck
MG34 Team
Panzerjäger Mechanized Group
Selects Mine Fields
Fire Support Elements
Selects Early Warning
Pak 38 Anti-tank Gun Team
Construct Panzerarmee Kommand
le.IG 18 Mechanized Group
Selects Butterfly Bomb Drop
Butterfly Bomb Drop
Panzer III L Medium Tank
Tungsten Core Ammunition
Selects Crew Shock Tactics
Armored Reserves
Pak 38 Mechanized Group
Combat Half-tracks
Butterfly Bomb Drop
2.5-tonne Medical Truck
Selects Anti-tank Overwatch
UH|dun! ツ
UH|ck
EarthShaker12
Adkins
0
0
Comments
sign in to comment!
No comments posted yet!